 Dungeon Crawl Stone Soup version 0.22-a0-897-g1b7a381375 (webtiles) character file.

3830 Mirvelgyr the Severer (level 9, 0/103 (105) HPs)
             Began as a Minotaur Berserker on July 31, 2018.
             Was an Elder of Trog.
             Slain by a two-headed ogre
             ... wielding a cursed +0 giant club
              (5 damage)
             ... on level 9 of the Dungeon.
             The game lasted 00:07:40 (6291 turns).

Mirvelgyr the Severer (Minotaur Berserker)          Turns: 6291, Time: 00:07:41

HP:   0/103 (105)   AC: 13    Str: 27    XL:     9   Next: 97%
MP:   8/8           EV:  8    Int:  4    God:    Trog [****..]
Gold: 389           SH:  3    Dex: 13    Spells: 8/8 levels left

rFire    + . .     SeeInvis .   a - +0 hand axe
rCold    + . .     Gourm    .   (no shield)
rNeg     + . .     Faith    .   n - +0 plate armour
rPois    .         Spirit   .   (helmet restricted)
rElec    .         Reflect  +   x - scarf {rC+ rF+}
rCorr    .         Harm     .   E - +0 pair of gloves
MR       .....                  s - +0 pair of boots
Stlth    ..........             v - +3 amulet of reflection
HPRegen  0.27/turn              D - ring of positive energy
MPRegen  0.11/turn              (no ring)

@: berserking, very quick
A: retaliatory headbutt, horns 2
a: Berserk, Trog's Hand, Brothers in Arms, Renounce Religion


You were on level 9 of the Dungeon.
You worshipped Trog.
Trog was greatly pleased with you.
You were not hungry.

You visited 1 branch of the dungeon, and saw 9 of its levels.

You collected 561 gold pieces.
You spent 172 gold pieces at shops.

Inventory:

Hand Weapons
 a - a +0 hand axe (weapon)
Armour
 n - a +0 plate armour (worn)
 s - a +0 pair of boots (worn)
 x - a scarf of resistance (worn)
 E - a +0 pair of gloves (worn)
Jewellery
 v - a +3 amulet of reflection (around neck)
 D - a ring of positive energy (left hand)
 F - a +3 ring of strength {unknown}
 G - a cursed -4 ring of dexterity {unknown}
Wands
 C - a wand of random effects (25)
 H - a wand of acid (7)
Scrolls
 f - 4 scrolls of magic mapping {unknown}
 h - 15 scrolls of identify {unknown}
 j - 4 scrolls of blinking {unknown}
 k - 4 scrolls of enchant armour {unknown}
 l - 9 scrolls of remove curse {unknown}
 m - 3 scrolls of enchant weapon {unknown}
 q - a scroll of fear {unknown}
 r - a scroll of random uselessness {unknown}
 w - a scroll of immolation {unknown}
 y - a scroll of vulnerability {unknown}
 z - a scroll of amnesia {unknown}
 I - a scroll of teleportation {unknown}
Potions
 b - 3 potions of curing
 d - a potion of resistance {unknown}
 e - 2 potions of mutation {unknown}
 g - a potion of magic {unknown}
 i - a potion of invisibility {unknown}
 o - a potion of haste {unknown}
 p - a potion of ambrosia {unknown}
 t - a potion of brilliance {unknown}
 u - 2 potions of agility {unknown}
 A - 2 potions of heal wounds {unknown}
 B - 2 potions of cancellation {unknown}
Comestibles
 c - 20 rations


   Skills:
 - Level 3.6 Fighting
 + Level 16.2 Axes
 - Level 2.4 Armour
 - Level 2.1 Dodging


You had 8 spell levels left.
You didn't know any spells.
Your spell library was empty.

Dungeon Overview and Level Annotations

Branches:
Dungeon (9/15)             Temple (0/1) D:5            Lair (0/6) D:8
    Orc: D:9-12

Altars:
Dithmenos
Gozag
Okawaru
Qazlal
Sif Muna
Trog
Vehumet

Shops:
D:4 =


Innate Abilities, Weirdness & Mutations

You reflexively headbutt those who attack you in melee.
You have a pair of horns on your head.


Message History

You furiously retaliate!
You headbutt the two-headed ogre, but do no damage.
The two-headed ogre hits you with a giant club!
You hit the two-headed ogre. You headbutt the two-headed ogre.
The two-headed ogre is moderately wounded.
You hit the two-headed ogre. The two-headed ogre closely misses you.
You furiously retaliate!
You headbutt the two-headed ogre. The two-headed ogre barely misses you.
You barely miss the two-headed ogre. You headbutt the two-headed ogre!
The two-headed ogre is severely wounded.
You hit the two-headed ogre.
The two-headed ogre hits you with a giant spiked club!
The two-headed ogre hits you with a giant club.
* * * LOW HITPOINT WARNING * * *
A red film seems to cover your vision as you go berserk!
You feel yourself moving faster!
You feel mighty!
You feel a lot more hungry.
The two-headed ogre hits you with a giant club!!
* * * LOW HITPOINT WARNING * * *
The two-headed ogre hits you with a giant club.
You die...

#.........##........#
#.........##........#
#.........##........#
#....>....##[....>..#
....................#
#.........#.........#
#.........##........#
#.........##........#
######.#########@..##
#..# #..OO###
#####.######......
..........#........
...<......#........#
..........#.?...>..#
...................#
...........#.......#
...........#


You could see 2 two-headed ogres.

Vanquished Creatures
  Joseph (D:8)
  A hornet (D:8)
  Grinder (D:3)
  Grum (D:8)
  A water moccasin (D:7)
  An orc warrior (D:7)
  4 ice beasts
  2 sky beasts
  2 phantoms
  2 black bears
  A necrophage (D:5)
  3 wolves (D:8)
  2 ogres
  3 centaurs
  A big kobold (D:7)
  3 bullfrogs
  3 howler monkeys
  2 bullfrog zombies
  A crimson imp (D:5)
  A jelly (D:6)
  5 hounds
  2 orc priests
  A centaur skeleton (D:4)
  2 bullfrog skeletons
  3 worker ants
  A howler monkey zombie (D:6)
  3 worker ant zombies
  3 gnolls
  8 adders
  3 shadow imps
  3 oozes
  2 adder zombies
  A dart slug (D:2)
  5 leopard geckos
  10 orcs
  4 bats
  7 giant cockroaches
  3 goblins
  4 hobgoblins
  2 jackals (D:3)
  7 quokkas
  4 ball pythons
  A frilled lizard (D:2)
  10 kobolds
  2 leopard gecko skeletons
  A quokka skeleton (D:6)
  10 rats
143 creatures vanquished.

Vanquished Creatures (others)
  A bush (D:8)
1 creature vanquished.

Grand Total: 144 creatures vanquished

Notes
Turn   | Place    | Note
-------+----------+-------------------------------------------
     0 | D:1      | Mirvelgyr the Minotaur Berserker began the quest for the Orb.
     0 | D:1      | Reached XP level 1. HP: 19/19 MP: 0/0
    77 | D:1      | Reached skill level 4 in Axes
   148 | D:1      | Reached XP level 2. HP: 24/26 MP: 1/1
   429 | D:1      | Reached skill level 5 in Axes
   553 | D:2      | Reached XP level 3. HP: 25/31 MP: 2/2
   561 | D:2      | Reached ** piety under Trog
  1273 | D:2      | Found a bloodstained altar of Trog.
  1391 | D:3      | Noticed Grinder
  1397 | D:3      | Killed Grinder
  1397 | D:3      | Reached skill level 8 in Axes
  1397 | D:3      | Reached XP level 4. HP: 39/39 MP: 3/3
  1397 | D:3      | Reached XP level 5. HP: 45/45 MP: 4/4
  1565 | D:3      | Reached XP level 6. HP: 46/51 MP: 5/5
  1938 | D:4      | Found a shadowy altar of Dithmenos.
  1998 | D:4      | Found Cituaz's Jewellery Shoppe.
  2013 | D:4      | Bought a +3 amulet of reflection for 172 gold pieces
  2126 | D:4      | Reached skill level 9 in Axes
  2144 | D:4      | Found a stormy altar of Qazlal.
  2160 | D:4      | Found a radiant altar of Vehumet.
  2247 | D:4      | Found a deep blue altar of Sif Muna.
  2274 | D:4      | Reached XP level 7. HP: 52/57 MP: 6/6
  2408 | D:5      | Entered Level 5 of the Dungeon
  2417 | D:5      | Reached *** piety under Trog
  2663 | D:5      | Reached skill level 10 in Axes
  2823 | D:5      | Reached skill level 11 in Axes
  3016 | D:5      | Found a staircase to the Ecumenical Temple.
  3040 | D:5      | Reached XP level 8. HP: 35/63 MP: 7/7
  4050 | D:6      | Reached skill level 12 in Axes
  4452 | D:6      | Reached skill level 13 in Axes
  4515 | D:7      | Found an opulent altar of Gozag.
  4931 | D:7      | Reached XP level 9. HP: 69/69 MP: 8/8
  4977 | D:7      | Reached skill level 14 in Axes
  5059 | D:7      | Reached **** piety under Trog
  5283 | D:8      | Noticed Joseph
  5313 | D:8      | Noticed Grum
  5327 | D:8      | Killed Grum
  5327 | D:8      | Reached skill level 15 in Axes
  5555 | D:8      | Killed Joseph
  5640 | D:8      | Reached skill level 16 in Axes
  5827 | D:8      | Found a staircase to the Lair.
  5875 | D:8      | Found an iron altar of Okawaru.
  6281 | D:9      | Noticed a two-headed ogre
  6281 | D:9      | Noticed a two-headed ogre
  6291 | D:9      | HP: 5/103 [two-headed ogre/giant club (23)]
  6291 | D:9      | Slain by a two-headed ogre

Vault maps used:
D:1:      minmay_arrival_loop
D:2:      lightli_temple_of_fire
D:3:      first_ration, uniq_grinder
D:4:      lemuel_round_altar, led_sif_book, nicolae_overflow_crystal_walls,
          minmay_misc_feat_iff, minmay_shop_grid_forest, grunt_qazlal_sundering
D:5:      minmay_temple_entry_metal_lava, serial_bayou_lagoon_b
D:6:      black_bear_nest_1
D:7:      nicolae_gozag_seed_capital
D:8:      cheibrodos_elevator_heist, lemuel_doored_altar, dpeg_oklobed_lair,
          kb_lookout_dungeons_type, grunt_ogre_cave, uniq_grum, uniq_joseph

Skill      XL: |  1  2  3  4  5  6  7  8  9 |
---------------+----------------------------+-----
Axes           | 4 5 8 9 11 13 16 | 16.2
Fighting       | |  3.6
Armour         | |  2.4
Dodging        | |  2.1

Action                   |  1- 3 |  4- 6 |  7- 9 || total
-------------------------+-------+-------+-------++-------
Melee: Hand axe          |    90 |    85 |   409 ||   584
       Headbutt          |     7 |    15 |    90 ||   112
Invok: Berserk           |     2 |       |     5 ||     7
       Trog's Hand       |       |       |     2 ||     2
  Eat: Chunk             |     3 |     4 |    12 ||    19
       Ration            |       |       |     2 ||     2
Armor: Animal skin       |    10 |     4 |       ||    14
       Plate armour      |       |    43 |   177 ||   220
Dodge: Dodged            |    44 |    31 |    79 ||   154
Block: Other             |       |     4 |    36 ||    40

Table legend:
 A = Spawn XP
 B = Non-spawn XP
 C = Spawn XP percentage of total XP
 D = Spawn monster count
 E = Non-spawn monster count
 F = Spawn count percentage of total count
 G = Total turns spent on level
                    A         B        C        D         E        F      G
               +---------+---------+-------+---------+---------+-------+---------
         Total |       0 |    5472 |   0.0 |       0 |     143 |   0.0 |  6291
               +---------+---------+-------+---------+---------+-------+---------
           D:1 |       0 |      35 |   0.0 |       0 |      17 |   0.0 |   515
           D:2 |       0 |      53 |   0.0 |       0 |      20 |   0.0 |   876
           D:3 |       0 |     346 |   0.0 |       0 |      15 |   0.0 |   499
           D:4 |       0 |     299 |   0.0 |       0 |      13 |   0.0 |   518
           D:5 |       0 |     746 |   0.0 |       0 |      20 |   0.0 |  1203
           D:6 |       0 |     762 |   0.0 |       0 |      18 |   0.0 |   904
           D:7 |       0 |    1277 |   0.0 |       0 |      24 |   0.0 |   758
           D:8 |       0 |    1954 |   0.0 |       0 |      16 |   0.0 |   993
               +---------+---------+-------+---------+---------+-------+---------
